Map: [ESL] Site Delta

Players

Bly

  • Race: Zerg Zerg
  • Spawn Location: 5:00

SKillous - Winner!

  • Race: Protoss Protoss
  • Spawn Location: 11:00

Event: ESL SC2 Masters 2023 Winter (Regional)

VOD

Have the link to the VOD?

Description

Time

  • Played on: Nov. 10, 2023, 11:31 a.m.
  • Length: 9:26

All games in this series

Show
View Real Time Build Order
Export as new Build Order

Bly Zerg 

Build Orders: 3 Hatch before Pool 

Get SALT Encoding   

  12  0:00  Drone  
  13  0:12  Overlord  
  13  0:17  Drone  
  14  0:30  Drone  
  14  0:31  Drone  
  17  0:42  Drone  
  17  0:57  Hatchery  
  17  0:58  Evolution Chamber  
  17  1:03  Hatchery  
  15  1:07  Drone  
  15  1:10  Drone  
  17  1:14  Drone  
  18  1:25  Extractor  
  17  1:30  Spawning Pool  
  17  1:32  Drone  
  17  1:35  Drone  
  17  1:39  Drone  
  19  1:50  Drone  
  20  2:00  Overlord  
  20  2:16  Queen x2  
  20  2:17  Zergling x4  
  26  2:27  Metabolic Boost  
  26  2:29  Zergling x4  
  28  2:47  Hatchery  
  28  2:48  Drone  
  28  2:49  Drone  
  29  2:57  Zergling x4  
  31  3:03  Overlord  
  31  3:18  Overlord  
  31  3:23  Zergling x8  
  34  3:27  Drone x3  
  34  3:33  Queen  
  38  3:38  Drone x2  
  40  3:44  Drone x2  
  42  3:52  Drone x2  
  44  4:02  Overlord  
  43  4:09  Spore Crawler  
  39  4:13  Drone x7  
  45  4:23  Zergling x4  
  47  4:26  Zergling x2  
  47  4:29  Drone x5  
  53  4:36  Drone x3  
  55  4:46  Drone x3  
  55  4:49  Lair  
  55  4:51  Queen  
  55  4:52  Spore Crawler  
  56  4:54  Spore Crawler  
  56  4:56  Zergling x2  
  56  4:57  Zergling x2  
  55  5:09  Zergling x6  
  55  5:10  Zergling x2, Drone  
  55  5:11  Drone x3  
  62  5:25  Drone x5  
  65  5:32  Roach Warren  
  64  5:35  Drone x2  
  64  5:37  Overlord  
  64  5:44  Evolution Chamber  
  64  5:45  Overlord  
  62  5:50  Drone x6, Hatchery  
  62  5:51  Extractor  
  62  5:54  Hydralisk Den  
  65  5:57  Drone x6  
  65  6:02  Zergling x4  
  73  6:05  Extractor  
  73  6:07  Extractor x2  
  73  6:08  Extractor  
  73  6:10  Overlord x2  
  69  6:15  Zerg Melee Weapons Level 1  
  69  6:24  Zergling x10  
  74  6:25  Overlord  
  74  6:26  Overlord x4  
  74  6:31  Overlord  
  74  6:33  Overlord  
  74  6:39  Overlord x2  
  74  6:46  Hydralisk x2, Overlord  
  73  6:56  Hydralisk x4  
  73  7:00  Zergling x4  
  81  7:03  Zergling x2  
  81  7:17  Muscular Augments  
  81  7:22  Hydralisk x4  
  83  7:25  Hatchery  
  88  7:31  Overseer  
  88  7:36  Drone x8  
  96  7:42  Drone x4  
  98  8:01  Hydralisk x7  
  103  8:09  Hydralisk x3  
  101  8:13  Lurker Den  
  96  8:20  Hydralisk x4  
  96  8:21  Grooved Spines  
  96  8:24  Zergling x6  
  105  8:29  Zergling x2  
  99  8:40  Hydralisk x3  
  99  8:41  Zergling x16  
  92  8:49  Hydralisk x2  
  81  9:00  Hydralisk x3  
Show
View Real Time Build Order
Export as new Build Order

SKillous Protoss - Winner!

Build Orders: 1 Gate Expand, Oracle Opening 

Get SALT Encoding   

  12  0:00  Probe  
  13  0:13  Probe  
  14  0:18  Pylon  
  14  0:25  Probe  
  15  0:38  Gateway, Probe (Chrono Boost)  
  16  0:43  Assimilator  
  16  0:47  Probe (Chrono Boost)  
  17  0:52  Probe (Chrono Boost)  
  18  1:04  Probe  
  19  1:11  Pylon  
  19  1:16  Probe  
  20  1:25  Cybernetics Core  
  20  1:41  Nexus  
  20  1:44  Probe  
  21  1:51  Assimilator  
  21  1:56  Probe  
  21  1:58  Adept (Chrono Boost)  
  24  2:08  Probe  
  24  2:13  Pylon  
  25  2:18  Adept (Chrono Boost)  
  25  2:20  Probe  
  28  2:31  Stargate  
  28  2:34  Probe  
  29  2:38  Warp Gate  
  29  2:47  Adept  
  29  2:49  Probe (Chrono Boost)  
  32  2:53  Probe (Chrono Boost)  
  33  3:02  Probe (Chrono Boost)  
  33  3:03  Probe (Chrono Boost)  
  35  3:10  Probe  
  35  3:12  Oracle (Chrono Boost), Probe  
  39  3:23  Probe  
  39  3:25  Probe  
  40  3:31  Gateway  
  40  3:33  Shield Battery  
  40  3:35  Probe  
  40  3:38  Probe  
  42  3:43  Oracle (Chrono Boost)  
  42  3:48  Probe  
  46  3:51  Pylon  
  46  3:52  Probe  
  47  4:00  Probe  
  48  4:04  Probe  
  48  4:07  Shield Battery  
  49  4:11  Oracle  
  49  4:12  Probe  
  49  4:17  Probe  
  52  4:24  Probe  
  52  4:25  Pylon  
  52  4:29  Probe  
  52  4:30  Adept  
  56  4:33  Shield Battery  
  56  4:36  Probe  
  57  4:41  Adept, Probe  
  57  4:44  Nexus  
  59  4:48  Probe  
  59  4:50  Oracle  
  62  5:00  Probe  
  62  5:01  Assimilator  
  62  5:02  Twilight Council, Assimilator  
  62  5:09  Probe  
  62  5:13  Gateway, Pylon  
  61  5:16  Gateway  
  61  5:18  Probe  
  62  5:24  Probe  
  62  5:26  Stalker  
  65  5:30  Probe  
  65  5:34  Stalker  
  65  5:36  Probe  
  65  5:42  Probe  
  67  5:45  Forge  
  67  5:46  Blink (Chrono Boost)  
  67  5:47  Pylon  
  67  5:48  Probe  
  67  5:49  Stalker  
  66  5:54  Probe  
  67  5:57  Stalker  
  67  6:01  Probe  
  70  6:05  Probe  
  70  6:06  Probe  
  70  6:09  Stalker  
  74  6:12  Protoss Ground Weapons Level 1 (Chrono Boost), Stalker x2  
  74  6:13  Probe  
  74  6:17  Probe  
  80  6:22  Pylon  
  80  6:24  Probe  
  80  6:25  Stalker  
  83  6:28  Probe  
  84  6:33  Stalker  
  84  6:36  Stalker  
  84  6:37  Stalker  
  90  6:40  Probe  
  89  6:52  Probe  
  89  6:53  Probe  
  91  7:03  Pylon  
  91  7:05  Nexus, Gateway  
  91  7:07  Pylon  
  91  7:08  Gateway  
  89  7:17  Stalker x3, Pylon  
  89  7:18  Stalker  
  89  7:19  Probe  
  89  7:21  Probe  
  99  7:26  Gateway  
  99  7:28  Gateway  
  99  7:32  Charge, Probe  
  99  7:33  Photon Cannon  
  100  7:38  Photon Cannon  
  100  7:40  Shield Battery  
  100  7:41  Probe x2  
  102  7:45  Probe  
  103  7:51  Stalker x3  
  109  8:00  Probe  
  109  8:02  Probe  
  109  8:10  Stalker x3  
  113  8:16  Gateway  
  113  8:17  Gateway  
  113  8:25  Probe x2  
  115  8:29  Probe  
  115  8:30  Stalker x5  
  126  8:38  Stalker x3  
  132  8:43  Pylon  
  132  8:44  Pylon  
  126  8:56  Stalker x5  
  126  9:00  Gateway  
  126  9:05  Gateway  
Tags
 
Add a new tag
Caveats
  • Supply blocks, unpowered buildings, or Contaminate may cause inaccurate times.
  • Supply counts are checked every 10 seconds.